TOP OF THE 1ST |
Oklahoma State University Cowboys batting - Pitching for Pennsylvania State University Nittany Lions : RHP Jorge Castaneda
|
Pitching: RHP Jorge Castaneda
|
|
Batting: RHB Josh Hopp
|
0-0: Swinging Strike 0-1: Swinging Strike 0-2: Foul Ball, location: 2F 0-2: Ball 1-2: Strikes out swinging
|
Batting: RHB Wiliama Dana
|
0-0: Ball 1-0: Ball 2-0: Ball 3-0: Called Strike 3-1: Called Strike 3-2: Strikes out looking
|
Batting: RHB Kinzo Yokoyama
|
0-0: Called Strike 0-1: Fly out, F5 (Line Drive, 5, EV 61.9 MPH)
|
Top of the 1st over - 0 runs, 0 hits, 0 errors, 0 left on base; Oklahoma State University 0 - Pennsylvania State University 0 |
BOTTOM OF THE 1ST |
Pennsylvania State University Nittany Lions batting - Pitching for Oklahoma State University Cowboys : RHP Katsunari Hayase
|
Pitching: RHP Katsunari Hayase
|
|
Batting: RHB Julian Gregory
|
0-0: Called Strike 0-1: Swinging Strike 0-2: Foul Ball, location: 2F 0-2: Ball 1-2: Hit by Pitch
|
Batting: RHB Eric Wiss
|
0-0: Ball 1-0: Ground out 3-1 (Groundball, 13, EV 79.4 MPH) Julian Gregory to second
|
Batting: RHB Ben Burkholder
|
0-0: Ball 1-0: Ball 2-0: Called Strike 2-1: Ball 3-1: Fly out, F8 (Flyball, 8LXD, EV 91.9 MPH) Runner from 2nd tags up, SAFE at 3rd, no throw by CF
|
Batting: RHB Dave Fredericks
|
0-0: Ball 1-0: Ball 2-0: Ball 3-0: Base on Balls
|
Batting: RHB Tim Long
|
0-0: SINGLE (Flyball, 4MD, EV 87.5 MPH) Julian Gregory scores Dave Fredericks to second
|
Batting: LHB Angel Oropeza
|
0-0: Called Strike 0-1: Ball 1-1: Foul Ball, location: 2F 1-2: Fly out, F8 (Flyball, 8LD, EV 106.9 MPH)
|
Bottom of the 1st over - 1 run, 1 hit, 0 errors, 2 left on base; Oklahoma State University 0 - Pennsylvania State University 1 |
TOP OF THE 2ND |
Oklahoma State University Cowboys batting - Pitching for Pennsylvania State University Nittany Lions : RHP Jorge Castaneda
|
Batting: LHB Ian Cranton
|
0-0: Ball 1-0: Ball 2-0: Ball 3-0: Called Strike 3-1: Base on Balls
|
Batting: RHB Josh Patterson
|
0-0: Grounds into double play, 6-4-3 (Groundball, 6, EV 82.5 MPH)
|
Batting: SHB Chris Wagler
|
0-0: Called Strike 0-1: SINGLE (Groundball, 3D, EV 105.6 MPH)
|
Batting: RHB Steve Hutchins
|
0-0: Ball Wild Pitch! Chris Wagler to second 1-0: Foul Ball, location: 2F 1-1: Ground out 4-3 (Groundball, 4, EV 87.5 MPH)
|
Top of the 2nd over - 0 runs, 1 hit, 0 errors, 1 left on base; Oklahoma State University 0 - Pennsylvania State University 1 |
BOTTOM OF THE 2ND |
Pennsylvania State University Nittany Lions batting - Pitching for Oklahoma State University Cowboys : RHP Katsunari Hayase
|
Batting: RHB Brian Rogers
|
0-0: Ball 1-0: Called Strike 1-1: Fly out, F9 (Flyball, 9LM, EV 91.2 MPH)
|
Batting: RHB Ethan Finke
|
0-0: Called Strike 0-1: Fly out, F9 (Flyball, 9S, EV 93.1 MPH)
|
Batting: RHB Roberto Torres
|
0-0: Fly out, F7 (Line Drive, 7, EV 91.2 MPH)
|
Bottom of the 2nd over - 0 runs, 0 hits, 0 errors, 0 left on base; Oklahoma State University 0 - Pennsylvania State University 1 |
TOP OF THE 3RD |
Oklahoma State University Cowboys batting - Pitching for Pennsylvania State University Nittany Lions : RHP Jorge Castaneda
|
Batting: LHB Orlando Rivera
|
0-0: Foul Ball, location: 2F 0-1: Ball 1-1: Swinging Strike 1-2: Strikes out looking
|
Batting: RHB Mario Arriero
|
0-0: Swinging Strike 0-1: SINGLE (Line Drive, 34, EV 94.4 MPH)
|
Batting: RHB Josh Hopp
|
0-0: Ball 1-0: Called Strike 1-1: Fly out, F7 (Flyball, 7S, EV 86.9 MPH)
|
Batting: RHB Wiliama Dana
|
0-0: Ball 1-0: Fly out, F8 (Flyball, 8RD, EV 106.9 MPH)
|
Top of the 3rd over - 0 runs, 1 hit, 0 errors, 1 left on base; Oklahoma State University 0 - Pennsylvania State University 1 |
BOTTOM OF THE 3RD |
Pennsylvania State University Nittany Lions batting - Pitching for Oklahoma State University Cowboys : RHP Katsunari Hayase
|
Batting: RHB Julian Gregory
|
0-0: Swinging Strike 0-1: Ball 1-1: Called Strike 1-2: Foul Ball, location: 2F 1-2: Ball 2-2: Ball 3-2: SINGLE (Groundball, 6D, EV 106.2 MPH)
|
Batting: RHB Eric Wiss
|
0-0: Ball 1-0: Ball 2-0: Swinging Strike 2-1: Foul Ball, location: 2F 2-2: Grounds into double play, 4-6-3 (Groundball, 4, EV 77.5 MPH)
|
Batting: RHB Ben Burkholder
|
0-0: Foul Ball, location: 2F 0-1: Ball 1-1: Ball 2-1: Reached on error, E6 (Groundball, 6S, EV 73.1 MPH)
|
Batting: RHB Dave Fredericks
|
0-0: Called Strike 0-1: Called Strike 0-2: Ball 1-2: Fly out, F9 (Line Drive, 9, EV 106.9 MPH)
|
Bottom of the 3rd over - 0 runs, 1 hit, 1 error, 1 left on base; Oklahoma State University 0 - Pennsylvania State University 1 |
TOP OF THE 4TH |
Oklahoma State University Cowboys batting - Pitching for Pennsylvania State University Nittany Lions : RHP Jorge Castaneda
|
Batting: RHB Kinzo Yokoyama
|
0-0: Ball 1-0: Foul Ball, location: 2F 1-1: Called Strike 1-2: Ball 2-2: Ground out 3-1 (Groundball, 34, EV 86.2 MPH)
|
Batting: LHB Ian Cranton
|
0-0: Ball 1-0: Called Strike 1-1: Ball 2-1: Called Strike 2-2: Fly out, F7 (Flyball, 78XD, EV 83.1 MPH)
|
Batting: RHB Josh Patterson
|
0-0: Called Strike 0-1: Foul Ball, location: 2F 0-2: Strikes out swinging
|
Top of the 4th over - 0 runs, 0 hits, 0 errors, 0 left on base; Oklahoma State University 0 - Pennsylvania State University 1 |
BOTTOM OF THE 4TH |
Pennsylvania State University Nittany Lions batting - Pitching for Oklahoma State University Cowboys : RHP Katsunari Hayase
|
Batting: RHB Tim Long
|
0-0: Ball 1-0: Called Strike 1-1: Ground out 3-1 (Groundball, 34, EV 86.9 MPH)
|
Batting: LHB Angel Oropeza
|
0-0: Ball 1-0: Foul Ball, location: 2F 1-1: Ball 2-1: Ball 3-1: Fly out, F8 (Flyball, 8RXD, EV 105.0 MPH)
|
Batting: RHB Brian Rogers
|
0-0: Ball 1-0: Ball 2-0: Called Strike 2-1: Ground out 5-3 (Groundball, 5S, EV 84.4 MPH)
|
Bottom of the 4th over - 0 runs, 0 hits, 0 errors, 0 left on base; Oklahoma State University 0 - Pennsylvania State University 1 |
TOP OF THE 5TH |
Oklahoma State University Cowboys batting - Pitching for Pennsylvania State University Nittany Lions : RHP Jorge Castaneda
|
Pitching: RHP Charlie Gibbs
|
|
Batting: SHB Chris Wagler
|
0-0: Ball 1-0: Ground out U3 (Groundball, 34, EV 90.0 MPH)
|
Batting: RHB Steve Hutchins
|
0-0: Swinging Strike 0-1: Ball 1-1: Foul Ball, location: 2F 1-2: Fly out, F4 (Popup, 34S, EV 86.9 MPH)
|
Batting: LHB Orlando Rivera
|
0-0: Ground out 4-3 (Groundball, 4M, EV 91.9 MPH)
|
Top of the 5th over - 0 runs, 0 hits, 0 errors, 0 left on base; Oklahoma State University 0 - Pennsylvania State University 1 |
BOTTOM OF THE 5TH |
Pennsylvania State University Nittany Lions batting - Pitching for Oklahoma State University Cowboys : RHP Katsunari Hayase
|
Pitching: RHP Paul Ostrander
|
|
Batting: RHB Ethan Finke
|
0-0: Ball 1-0: Called Strike 1-1: Ball 2-1: Swinging Strike 2-2: Ball 3-2: Base on Balls
|
Batting: RHB Roberto Torres
|
0-0: Foul Ball, location: 2F 0-1: Ball 1-1: Fly out, F9 (Line Drive, 9, EV 91.2 MPH)
|
Batting: RHB Julian Gregory
|
0-0: Swinging Strike 0-1: Ball 1-1: Foul Ball, location: 2F 1-2: Ball 2-2: Strikes out looking
|
Batting: RHB Eric Wiss
|
0-0: Called Strike 0-1: Ball 1-1: SINGLE (Line Drive, 6M, EV 104.4 MPH) Ethan Finke to second
|
Batting: RHB Ben Burkholder
|
0-0: Foul Ball, location: 2F 0-1: Foul Ball, location: 2F 0-2: Foul Ball, location: 2F 0-2: Ball 1-2: Foul Ball, location: 2F 1-2: Ball 2-2: Fly out, F9 (Line Drive, 9D, EV 91.9 MPH)
|
Bottom of the 5th over - 0 runs, 1 hit, 0 errors, 2 left on base; Oklahoma State University 0 - Pennsylvania State University 1 |
TOP OF THE 6TH |
Oklahoma State University Cowboys batting - Pitching for Pennsylvania State University Nittany Lions : RHP Charlie Gibbs
|
Batting: RHB Mario Arriero
|
0-0: Ball 1-0: Called Strike 1-1: Ball 2-1: Swinging Strike 2-2: Strikes out swinging
|
Batting: RHB Josh Hopp
|
0-0: Called Strike 0-1: Fly out, F2 (Popup, 23F, EV 81.2 MPH)
|
Batting: RHB Wiliama Dana
|
0-0: Ball 1-0: Swinging Strike 1-1: Foul Ball, location: 2F 1-2: SINGLE (Line Drive, 78M, EV 101.9 MPH)
|
Batting: RHB Kinzo Yokoyama
|
0-0: Foul Ball, location: 2F 0-1: Swinging Strike 0-2: Foul Ball, location: 2F 0-2: Ball Wiliama Dana steals 2nd base 1-2: Strikes out swinging
|
Top of the 6th over - 0 runs, 1 hit, 0 errors, 1 left on base; Oklahoma State University 0 - Pennsylvania State University 1 |
BOTTOM OF THE 6TH |
Pennsylvania State University Nittany Lions batting - Pitching for Oklahoma State University Cowboys : RHP Paul Ostrander
|
Batting: RHB Dave Fredericks
|
0-0: Ball 1-0: Fly out, F8 (Line Drive, 8LM, EV 107.5 MPH)
|
Batting: RHB Tim Long
|
0-0: Ball 1-0: SINGLE (Line Drive, 5D, EV 102.5 MPH)
|
Batting: LHB Angel Oropeza
|
0-0: Ball 1-0: Ball 2-0: Ball Wild Pitch! Tim Long to second 3-0: Called Strike 3-1: Foul Ball, location: 2F 3-2: Strikes out swinging
|
Batting: RHB Brian Rogers
|
0-0: Ball 1-0: Ball 2-0: Called Strike 2-1: Ground out 5-3 (Groundball, 56, EV 108.8 MPH)
|
Bottom of the 6th over - 0 runs, 1 hit, 0 errors, 1 left on base; Oklahoma State University 0 - Pennsylvania State University 1 |
TOP OF THE 7TH |
Oklahoma State University Cowboys batting - Pitching for Pennsylvania State University Nittany Lions : RHP Charlie Gibbs
|
Pitching: LHP Rodolfo Valencia
|
|
Batting: LHB Ian Cranton
|
0-0: Called Strike 0-1: Foul Ball, location: 2F 0-2: Fly out, F9 (Flyball, 9S, EV 79.4 MPH)
|
Batting: RHB Josh Patterson
|
0-0: Fly out, F6 (Popup, 6MD, EV 45.6 MPH)
|
Batting: SHB Chris Wagler
|
0-0: Called Strike 0-1: Ball 1-1: SINGLE (Line Drive, 6MD, EV 105.6 MPH)
|
Batting: RHB Steve Hutchins
|
0-0: Ball 1-0: Called Strike 1-1: Foul Ball, location: 2F 1-2: Strikes out swinging
|
Top of the 7th over - 0 runs, 1 hit, 0 errors, 1 left on base; Oklahoma State University 0 - Pennsylvania State University 1 |
BOTTOM OF THE 7TH |
Pennsylvania State University Nittany Lions batting - Pitching for Oklahoma State University Cowboys : RHP Paul Ostrander
|
Pitching: RHP Jim Crooks
|
|
Batting: RHB Ethan Finke
|
0-0: Ball 1-0: Ball 2-0: Called Strike 2-1: Foul Ball, location: 2F 2-2: Ball 3-2: Foul Ball, location: 2F 3-2: Base on Balls
|
Batting: RHB Roberto Torres
|
0-0: Called Strike 0-1: Ball 1-1: Fly out, F9 (Flyball, 89D, EV 100.6 MPH)
|
Pinch Hitting: RHB Alberto Bravo
|
0-0: Called Strike 0-1: Ball 1-1: Ball 2-1: Ball 3-1: Ground out 5-3 (Groundball, 56S, EV 93.8 MPH) Ethan Finke to second
|
Pinch Hitting: RHB Coen Dirks
|
0-0: Called Strike 0-1: Foul Ball, location: 2F 0-2: Ball 1-2: SINGLE (Groundball, 5S, EV 69.4 MPH) (infield hit) Ethan Finke to third
|
Batting: RHB Ben Burkholder
|
0-0: Ball 1-0: Ball 2-0: SINGLE (Groundball, 34, EV 103.1 MPH) (infield hit) Ethan Finke scores Coen Dirks to second
|
Batting: RHB Fate Makeever
|
0-0: Ball 1-0: Swinging Strike 1-1: Ground out 4-3 (Groundball, 4, EV 100.0 MPH)
|
Bottom of the 7th over - 1 run, 2 hits, 0 errors, 2 left on base; Oklahoma State University 0 - Pennsylvania State University 2 |
TOP OF THE 8TH |
Oklahoma State University Cowboys batting - Pitching for Pennsylvania State University Nittany Lions : LHP Rodolfo Valencia
|
Now at 2B: Scott Talbot
|
|
Now in CF: Chris Trites
|
|
Batting: LHB Orlando Rivera
|
0-0: Ball 1-0: Swinging Strike 1-1: Ball 2-1: Ball 3-1: Base on Balls
|
Batting: RHB Mario Arriero
|
0-0: Called Strike 0-1: Foul Ball, location: 2F 0-2: Ball 1-2: Fly out, F4 (Popup, 4M, EV 62.5 MPH)
|
Pinch Hitting: RHB Tony Cabrera
|
0-0: Ball 1-0: Ball 2-0: Called Strike 2-1: Foul Ball, location: 2F 2-2: Ball 3-2: Foul Ball, location: 2F 3-2: Foul Ball, location: 2F 3-2: SINGLE (Flyball, 4D, EV 98.1 MPH) Orlando Rivera to second Orlando Rivera to third
|
Pinch Hitting: RHB Larry Clark
|
0-0: Fly out, F7 (Line Drive, 7, EV 88.1 MPH) Runner from 3rd tags up, SCORES, throw by LF
|
Batting: RHB Kinzo Yokoyama
|
0-0: SINGLE (Groundball, 34D, EV 96.2 MPH) Tony Cabrera to second Runner from 2nd tries for 3rd, SAFE, throw by RF made to third
|
Pitching: LHP Nick Burnstein
|
|
Batting: LHB John Fortin
|
0-0: Called Strike 0-1: Ball 1-1: Swinging Strike 1-2: Strikes out swinging
|
Top of the 8th over - 1 run, 2 hits, 0 errors, 2 left on base; Oklahoma State University 1 - Pennsylvania State University 2 |
BOTTOM OF THE 8TH |
Pennsylvania State University Nittany Lions batting - Pitching for Oklahoma State University Cowboys : RHP Jim Crooks
|
Now at 2B: Larry Clark
|
|
Now in RF: Tony Cabrera
|
|
Pinch Hitting: SHB Kevin Greenan
|
0-0: Ball 1-0: Ball 2-0: Ball 3-0: Called Strike 3-1: Ground out 5-3 (Groundball, 5, EV 93.1 MPH)
|
Pinch Hitting: LHB Tyler Francis
|
0-0: Ball 1-0: Called Strike 1-1: Ball 2-1: SINGLE (Line Drive, 8LS, EV 107.5 MPH)
|
Batting: RHB Brian Rogers
|
0-0: Called Strike 0-1: Ball Wild Pitch! Tyler Francis to second 1-1: Ball 2-1: Foul Ball, location: 2F 2-2: Foul Ball, location: 2F 2-2: Ground out 6-3 (Groundball, 6S, EV 69.4 MPH) Tyler Francis to third
|
Batting: RHB Ethan Finke
|
0-0: Foul Ball, location: 2F 0-1: Ball 1-1: Ball 2-1: Foul Ball, location: 2F 2-2: Ball 3-2: Foul Ball, location: 2F 3-2: Fly out, F8 (Flyball, 8RS, EV 81.2 MPH)
|
Bottom of the 8th over - 0 runs, 1 hit, 0 errors, 1 left on base; Oklahoma State University 1 - Pennsylvania State University 2 |
TOP OF THE 9TH |
Oklahoma State University Cowboys batting - Pitching for Pennsylvania State University Nittany Lions : LHP Nick Burnstein
|
Now at 3B: Kevin Greenan
|
|
Now in RF: Mike Larson
|
|
Pinch Hitting: SHB Suzunosuke Yamaguchi
|
0-0: Called Strike 0-1: Foul Ball, location: 2F 0-2: Foul Ball, location: 2F 0-2: Ground out 4-3 (Groundball, 4, EV 85.6 MPH)
|
Batting: SHB Chris Wagler
|
0-0: Called Strike 0-1: Foul Ball, location: 2F 0-2: Strikes out swinging
|
Pitching: RHP Nick Kempson
|
|
Batting: RHB Steve Hutchins
|
0-0: Ball 1-0: Foul Ball, location: 2F 1-1: Foul Ball, location: 2F 1-2: Ball 2-2: Ball 3-2: Base on Balls
|
Pitching: LHP Ighlas Kumbuka
|
|
Pinch Hitting: RHB Robbie Gomez
|
0-0: Fly out, F7 (Flyball, 7LM, EV 90.0 MPH)
|
Top of the 9th over - 0 runs, 0 hits, 0 errors, 1 left on base; Oklahoma State University 1 - Pennsylvania State University 2 |
|